 Dungeon Crawl Stone Soup version 0.29.1-12-g30fa7ad0bf (webtiles) character file.

Game seed: 4271726973833697113

980349 suse60 the Conqueror (level 27, -10/199 HPs)
             Began as a Gargoyle Fighter on Nov 6, 2022.
             Was the Champion of the Shining One.
             Killed from afar by Asmodeus (30 damage)
             ... with damnation
             ... on level 7 of Gehenna on Dec 14, 2022.
             The game lasted 16:06:03 (110088 turns).

suse60 the Conqueror (Gargoyle Fighter)           Turns: 110088, Time: 16:06:03

Health: -10/199    AC: 65    Str: 32    XL:     27
Magic:  5/37       EV: 28    Int: 13    God:    the Shining One [******]
Gold:   15387      SH: 14    Dex: 23    Spells: 26/26 levels left

rFire   + + +      SeeInvis +   z - +10 quarterstaff of Evil {spect, Fragile rElec rF+ Int+2}
rCold   + . .      Faith    .   (shield currently unavailable)
rNeg    + + +      Spirit   .   o - +9 plate armour "Umisoz" {rPois Dex+2 Slay+2}
rPois   ∞          Reflect  .   f - +2 hat
rElec   +          Harm     .   b - +2 cloak of the Feral God {-Cast +Blink Str+4 SInv}
rCorr   .          Rampage  +   m - +2 pair of gloves
Will    ++...      NoCast   +   i - +1 pair of boots of Defence {Rampage rElec rC++}
Stlth   ..........              p - amulet of the Sparrow {Acrobat rF+ rN+ Slay+3}
HPRegen 0.43/turn               I - +6 ring of dexterity
MPRegen 0.25/turn               y - ring of fire

@: divinely shielded, flying, glowing, unable to read
A: sickness immunity, AC +20, big wings, negative energy resistance 1,
electricity resistance, torment resistance 1, petrification resistance, antennae
1, talons 1, agile 1
}: 8/15 runes: decaying, serpentine, slimy, silver, golden, icy, bone, abyssal
a: Renounce Religion, Evoke Blink, Divine Shield, Cleansing Flame, Summon Divine
Warrior, Brand Weapon With Holy Wrath


You were on level 7 of Gehenna.
You worshipped the Shining One.
The Shining One was exalted by your worship.
You visited 16 branches of the dungeon, and saw 76 of its levels.
You visited the Abyss 1 time.
You also visited: Trove, Gauntlet, Ice Cave and Wizlab.

You collected 16600 gold pieces.
You spent 1213 gold pieces at shops.

Inventory:

Hand Weapons
 c - the +11 lajatang "Redyixer" {holy, Stlth+}
   (You found it on level 7 of Gehenna)

   It has been blessed by the Shining One to cause great damage to the undead
   and demons.
   Stlth:     It makes you more stealthy.
 z - the +10 quarterstaff of Evil (weapon) {spect, Fragile rElec rF+ Int+2}
   (You took it off an orc on level 9 of the Dungeon)

   When its wielder attacks, the weapon's spirit leaps out and strikes again.
   The spirit shares a part of any damage it takes with its wielder.
   Int:       It affects your intelligence (+2).
   rF:        It protects you from fire.
   rElec:     It insulates you from electricity.
   Fragile:   It will be destroyed if unequipped.
 K - the +7 shortbow of World Downfall {venom, rN+ Will+ Str+4}
   (You found it on level 3 of the Elven Halls)

   Any ammunition fired from it poisons the flesh of those it strikes.
   Str:       It affects your strength (+4).
   rN:        It protects you from negative energy.
   Will:      It increases your willpower.
Armour
 b - the +2 cloak of the Feral God (worn) {-Cast +Blink Str+4 SInv}
   (You found it on level 5 of the Vaults)

   Str:       It affects your strength (+4).
   SInv:      It lets you see invisible.
   +Blink:    It lets you blink.
   -Cast:     It prevents spellcasting.
 f - a +2 hat (worn)
 i - the +1 pair of boots of Defence (worn) {Rampage rElec rC++}
   (You found it on level 3 of the Lair of Beasts)

   rC:        It greatly protects you from cold.
   rElec:     It insulates you from electricity.
   Rampage:   It bestows one free step when moving towards enemies.
 m - a +2 pair of gloves (worn)
 o - the +9 plate armour "Umisoz" (worn) {rPois Dex+2 Slay+2}
   (You took it off a deep elf blademaster on level 3 of the Elven Halls)

   Dex:       It affects your dexterity (+2).
   Slay:      It affects your accuracy & damage with ranged weapons and melee
   (+2).
   rPois:     It protects you from poison.
Jewellery
 a - the ring of Wishful Thinking {*Corrode rElec Will+++ MP+9 SInv}
   (You found it on level 7 of Tartarus)

   [ring of magical power]

   rElec:     It insulates you from electricity.
   MP:        It affects your magic capacity (+9).
   SInv:      It lets you see invisible.
   *Corrode:  It may corrode you when you take damage.
   Will:      It greatly increases your willpower.
 e - a ring of resist corrosion
 p - the amulet of the Sparrow (around neck) {Acrobat rF+ rN+ Slay+3}
   (You found it in a treasure trove)

   [amulet of the acrobat]

   It increases your evasion while moving and waiting.
   Slay:      It affects your accuracy & damage with ranged weapons and melee
   (+3).
   rF:        It protects you from fire.
   rN:        It protects you from negative energy.
 y - a ring of fire (right hand)
 I - a +6 ring of dexterity (left hand)
Wands
 l - a wand of mindburst (9)
 t - a wand of roots (45)
 E - a wand of quicksilver (7)
 M - a wand of digging (2)
Scrolls
 g - 12 scrolls of teleportation
 n - 2 scrolls of blinking
 u - 6 scrolls of magic mapping
 B - 9 scrolls of fog
 C - 10 scrolls of fear
 H - 6 scrolls of poison
 J - 2 scrolls of summoning
 N - 2 scrolls of silence
Potions
 d - 2 potions of haste
 h - a potion of magic
 q - 12 potions of heal wounds
 r - 7 potions of resistance
 s - 3 potions of brilliance
 v - a potion of cancellation
 x - 31 potions of curing
 D - a potion of ambrosia
Miscellaneous
 j - a lightning rod (4/4)
 P - a figurine of a ziggurat


   Skills:
 O Level 27 Fighting
 - Level 9.1 Long Blades
 - Level 11.4(20.8) Maces & Flails
 O Level 27 Staves
 + Level 21.6 Ranged Weapons
 - Level 3.2 Throwing
 O Level 27 Armour
 O Level 27 Dodging
 - Level 3.2 Shields
 - Level 20.8 Invocations


You had 26 spell levels left.
You didn't know any spells.
Your spell library contained the following spells:

 Spells                   Type           Power      Damage    Failure   Level
 Apportation              Tloc           0%         N/A       63%         1
 Foxfire                  Conj/Fire      0%         2x1d4     63%         1
 Magic Dart               Conj           0%         1d3       63%         1
 Necrotise                Necr           0%         1d4       63%         1
 Sandblast                Erth           0%         2d4       63%         1
 Shock                    Conj/Air       0%         1d3       63%         1
 Sting                    Tmut/Pois      0%         1d3       63%         1
 Summon Small Mammal      Summ           0%         N/A       63%         1
 Blink                    Tloc           0%         N/A       77%         2
 Call Imp                 Summ           0%         N/A       77%         2
 Ensorcelled Hibernation  Hex/Ice        0%         N/A       77%         2
 Passwall                 Tmut/Erth      0%         N/A       77%         2
 Poisonous Vapours        Pois/Air       0%         N/A       77%         2
 Scorch                   Fire           0%         2d5       77%         2
 Searing Ray              Conj           0%         2d4       77%         2
 Static Discharge         Conj/Air       0%         3-3/arc   77%         2
 Call Canine Familiar     Summ           0%         N/A       94%         3
 Confusing Touch          Hex            0%         N/A       94%         3
 Conjure Flame            Conj/Fire      0%         6-21      94%         3
 Dazzling Flash           Conj/Hex       0%         N/A       94%         3
 Gell's Gravitas          Tloc           0%         N/A       94%         3
 Ignite Poison            Fire/Tmut/Pois 0%         N/A       94%         3
 Inner Flame              Hex/Fire       0%         N/A       94%         3
 Lesser Beckoning         Tloc           0%         N/A       94%         3
 Mephitic Cloud           Conj/Pois/Air  0%         N/A       94%         3
 Ozocubu's Armour         Ice            0%         N/A       94%         3
 Portal Projectile        Hex/Tloc       0%         N/A       94%         3
 Spider Form              Tmut/Pois      0%         N/A       94%         3
 Stone Arrow              Conj/Erth      0%         3d7       94%         3
 Summon Guardian Golem    Hex/Summ       0%         N/A       94%         3
 Swiftness                Air            0%         N/A       94%         3
 Teleport Other           Tloc           0%         N/A       94%         3
 Tukima's Dance           Hex            0%         N/A       94%         3
 Airstrike                Air            0%         2d(0-16)  100%        4
 Anguish                  Hex/Necr       0%         N/A       100%        4
 Animate Armour           Summ/Erth      0%         N/A       100%        4
 Cause Fear               Hex            0%         N/A       100%        4
 Corpse Rot               Necr/Pois/Air  0%         N/A       100%        4
 Flame Wave               Conj/Fire      0%         2d4       100%        4
 Fulminant Prism          Conj/Hex       0%         3d6       100%        4
 Hailstorm                Conj/Ice       0%         3d3       100%        4
 Iskenderun's Mystic Bla  Conj/Tloc      0%         2d3       100%        4
 Leda's Liquefaction      Hex/Erth       0%         N/A       100%        4
 Olgreb's Toxic Radiance  Pois           0%         N/A       100%        4
 Passage of Golubria      Tloc           0%         N/A       100%        4
 Petrify                  Tmut/Erth      0%         N/A       100%        4
 Agony                    Necr           0%         N/A       100%        5
 Alistair's Intoxication  Tmut/Pois      0%         N/A       100%        5
 Blade Hands              Tmut           0%         N/A       100%        5
 Fireball                 Conj/Fire      0%         3d3       100%        5
 Freezing Cloud           Conj/Ice/Air   0%         6-21      100%        5
 Irradiate                Conj/Tmut      0%         3d11      100%        5
 Iskenderun's Battlesphe  Conj           0%         2d6       100%        5
 Lee's Rapid Deconstruct  Erth           0%         3d5*      100%        5
 Lightning Bolt           Conj/Air       0%         1d11      100%        5
 Manifold Assault         Tloc           0%         N/A       100%        5
 Metabolic Englaciation   Hex/Ice        0%         N/A       100%        5
 Silence                  Hex/Air        0%         N/A       100%        5
 Summon Forest            Summ/Tloc      0%         N/A       100%        5
 Summon Mana Viper        Hex/Summ       0%         N/A       100%        5
 Conjure Ball Lightning   Conj/Air       0%         3x3d6     100%        6
 Dispersal                Tloc           0%         N/A       100%        6
 Eringya's Noxious Bog    Tmut/Pois      0%         N/A       100%        6
 Iron Shot                Conj/Erth      0%         9d1       100%        6
 Simulacrum               Ice/Necr       0%         N/A       100%        6
 Summon Cactus Giant      Summ           0%         N/A       100%        6
 Dragon Form              Tmut           0%         N/A       100%        7
 Enfeeble                 Hex            0%         N/A       100%        7
 Orb of Destruction       Conj           0%         9d5       100%        7
 Ozocubu's Refrigeration  Ice            0%         4d7       100%        7
 Spellforged Servitor     Conj/Summ      0%         N/A       100%        7
 Summon Hydra             Summ           0%         N/A       100%        7
 Lehudib's Crystal Spear  Conj/Erth      0%         10d2      100%        8
 Maxwell's Capacitive Co  Air            0%         ∞         100%        8
 Dragon's Call            Summ           0%         N/A       100%        9
 Shatter                  Erth           0%         3d5*      100%        9
 Sublimation of Blood     Necr           Unusable   N/A       N/A         2
 Statue Form              Tmut/Erth      Unusable   N/A       N/A         6

Dungeon Overview and Level Annotations

Branches:
Dungeon (15/15)            Temple (1/1) D:6            Lair (5/5) D:11
  Swamp (4/4) Lair:2        Snake (4/4) Lair:3        Slime (5/5) Lair:4
    Orc (2/2) D:9             Elf (3/3) Orc:2        Vaults (5/5) D:13
  Crypt (3/3) Vaults:3       Tomb (3/3) Crypt:3      Depths (4/4) D:15
   Hell (visited)             Dis (0/7) Hell            Geh (7/7) Hell
    Coc (7/7) Hell            Tar (7/7) Hell            Zot (0/5) Depths:4
  IceCv (visited)          WizLab (visited)         Gauntlet (visited)

Altars:
Ashenzari
Cheibriados
Dithmenos
Elyvilon
Fedhas
Gozag
Hepliaklqana
Kikubaaqudgha
Makhleb
Nemelex Xobeh
Okawaru
Qazlal
Ru
Sif Muna
Trog
Uskayaw
Vehumet
Wu Jian
Xom
Yredelemnul
Zin
The Shining One

Shops:
D:9 (   Orc:2 =*:(   Elf:1 ?!(*   Elf:3 :   Snake:1 ((((=   Vaults:5 *

Portals:
Hell: Depths:1 Depths:2 Depths:3 Depths:4
Abyss: Depths:3
Pandemonium: Depths:2 Depths:4
Ziggurat: Depths:1

Annotations:
Geh:7 Asmodeus


Innate Abilities, Weirdness & Mutations

You are immune to sickness and miasma.
Your stone body is resilient. (AC +20)
You are immune to poison.
Your large and strong wings let you fly.
You resist negative energy. (rN+)
You are resistant to electric shocks. (rElec)
You are resistant to unholy torment.
You are immune to petrification.
You have a pair of small antennae on your head.
You have sharp toenails.
You are agile. (Dex +4, Str/Int -1)


Message History

You are engulfed in blazing flames.
You resist.
Your +10 quarterstaff of Evil {spect, Fragile rElec rF+ Int+2} is engulfed in blazing flames. x2
Your spectral weapon shares its damage with you!
Asmodeus hits you with the +7 sceptre of Asmodeus!!
* * * LOW HITPOINT WARNING * * *
You hit Asmodeus but do no damage.
Asmodeus is severely wounded.
Your +10 quarterstaff of Evil {spect, Fragile rElec rF+ Int+2} hits Asmodeus but does no damage.
You are engulfed in blazing flames.
You resist.
* * * LOW HITPOINT WARNING * * *
Your +10 quarterstaff of Evil {spect, Fragile rElec rF+ Int+2} is engulfed in blazing flames.
Your spectral weapon shares its damage with you!
* * * LOW HITPOINT WARNING * * *
Your +10 quarterstaff of Evil {spect, Fragile rElec rF+ Int+2} is engulfed in blazing flames.
Your spectral weapon shares its damage with you!
* * * LOW HITPOINT WARNING * * *
You hit Asmodeus but do no damage.
Asmodeus is severely wounded.
Your +10 quarterstaff of Evil {spect, Fragile rElec rF+ Int+2} hits Asmodeus but does no damage.
You are engulfed in blazing flames.
You resist.
Your +10 quarterstaff of Evil {spect, Fragile rElec rF+ Int+2} is engulfed in blazing flames.
Your spectral weapon shares its damage with you!
* * * LOW HITPOINT WARNING * * *
Asmodeus gestures at your +10 quarterstaff of Evil {spect, Fragile rElec rF+ Int+2}.
The sphere of damnation explodes!
The damnation engulfs your +10 quarterstaff of Evil {spect, Fragile rElec rF+ Int+2}!!!
Your spectral weapon shares its damage with you!
Your +10 quarterstaff of Evil {spect, Fragile rElec rF+ Int+2} fades away.
The damnation engulfs Asmodeus.
Asmodeus completely resists.
The damnation engulfs you!!
* * * LOW HITPOINT WARNING * * *
x2 You feel much better.
You are engulfed in blazing flames.
You resist. Asmodeus gestures at you. The bolt of fire hits you. You resist.
* * * LOW HITPOINT WARNING * * *
Unknown command.
You are momentarily dazzled by a brilliant light.
Asmodeus gestures at you.
The sphere of damnation explodes!
The damnation engulfs you!!
You die...

.≈≈≈≈≈≈≈≈≈≈§≈≈§≈≈≈...§...........
≈≈≈≈≈≈§≈≈≈§§..§§≈§§≈§≈...§......#
≈§§§≈≈≈§≈≈.....§.≈≈§≈≈≈≈§§§......
§§§≈§≈≈§§§.§...§.§..≈≈≈≈≈≈≈§≈....
≈≈≈≈≈≈§≈.##########.≈≈≈≈≈≈§§≈≈§..
≈§≈≈≈≈≈..##########...≈≈≈≈§≈§≈≈..
≈§§§§≈...##......##....≈≈≈≈§≈§≈≈.
§≈§§≈≈...##φ...○°##....§≈≈≈≈≈≈§≈.
≈§§≈≈≈§..##...°&@##...§§≈§≈§≈§≈§≈
≈≈§≈≈...########A####..≈§§≈≈≈§§§§
≈§≈§....########'####..§≈≈§≈≈≈≈≈≈
≈.......##.........##....≈≈≈§≈§≈≈
.......###.........##.....§≈§≈§≈≈
.......##..........##.....§§.≈≈≈≈
#########'##############.....≈≈≈≈
#......#^.)............#.≈≈...≈≈≈
#......#.#############'#.≈≈§...≈≈


You could see Asmodeus (clouds, ally target) and a friendly daeva (summoned,
reflecting).

Vanquished Creatures
  Antaeus (Coc:7)
  Ereshkigal (Tar:7)
  the Royal Jelly (Slime:5)
  the Serpent of Hell (Geh:7)
  2 dread liches
  5 ancient liches
  Mara (Depths:1)
  4 juggernauts
  24 royal mummies
  A Head Instructor (WizLab)
  Margery (Crypt:1)
  13 shard shrikes
  Saint Roka (Orc:2)
  Bai Suzhen (Vaults:4)
  A caustic shrike (Depths:3)
  Vashnia (Snake:4)
  A curse toe (Crypt:3)
  Geryon (Hell)
  Xtahua (Vaults:4)
  Nikola (Snake:2)
  15 profane servitors
  5 golden dragons
  21 bone dragons
  13 doom hounds
  6 Brimstone Fiends
  4 spectral shard shrikes
  5 tentacled monstrosities
  10 hellephants
  2 walking crystal tomes (Depths:3)
  36 searing wretches
  35 Tzitzimimeh
  Rupert (D:15)
  8 liches
  Jorgrun (Elf:1)
  3 deep elf blademasters
  17 titans
  11 Ice Fiends
  Mlioglotl (Swamp:2)
  23 tainted leviathans
  Grunn (Crypt:3)
  4 quicksilver dragons
  2 deep elf master archers (Elf:3)
  20 acid blobs
  12 sphinxes
  4 tentacled starspawn
  Kirke (Snake:1)
  An Executioner (Abyss:3)
  17 ancient champions
  5 tengu reavers
  3 thorn hunters
  6 revenants
  2 storm dragons
  6 shadow dragons
  A draconian knight (WizLab)
  5 nagarajas
  Donald (Orc:2)
  25 narguns
  18 fire giants
  A juggernaut zombie (Hell)
  4 iron dragons
  36 azure jellies
  A frost giant (shapeshifter) (Vaults:5)
  Louise (Swamp:2)
  A draconian shifter (Depths:4)
  14 rockslimes
  13 vault wardens
  5 deep elf sorcerers
  13 frost giants
  3 spectral caustic shrikes
  8 ghouls
  2 orc warlords
  24 balrugs
  6 shard shrike simulacra
  5 curse skulls
  27 ironbound preservers
  A caustic shrike zombie (Tomb:3)
  2 spriggan defenders (Depths:2)
  A deep elf elementalist (Elf:3)
  6 war gargoyles
  13 quicksilver oozes
  29 very ugly things
  16 bennus
  3 eleionomae (Swamp:1)
  3 caustic shrike skeletons
  14 reapers
  21 stone giants
  3 hydra skeletons
  7 ironbound thunderhulks
  33 elemental wellsprings
  13 vampire knights
  A green draconian (Depths:4)
  8 deep elf demonologists
  2 purple draconians (Depths:4)
  A red draconian (Depths:4)
  4 white draconians
  Azrael (Orc:2)
  23 wendigos
  A bunyip (Swamp:4)
  2 entropy weavers
  9 deep elf annihilators (Elf:3)
  20 dire elephants
  44 putrid mouths
  A minotaur (Gauntlet)
  13 eidola
  11 spark wasps
  2 yellow draconians (Depths:3)
  5 deep elf death magi
  8 ettins
  2 crystal guardians (Vaults:3)
  12 fire dragons
  2 blizzard demons
  4 shambling mangroves
  The ghost of Deesahac the Severer, a journeyman BaFi of Cheibriados (Lair:3)
  4 green deaths
  A spectral elf (Crypt:2)
  A spectral iron giant (Tar:7)
  21 mummy priests
  Josephine (D:15)
  10 yaktaur captains
  2 spectral quicksilver dragons
  2 rakshasas
  4 deep elf high priests
  8 spectral spriggans
  8 ice dragons
  3 spriggan zombies
  14 great orbs of eyes
  3 peacekeepers (Vaults:3)
  6 salamander tyrants
  10 jiangshi
  2 kraken zombies (Hell)
  A quicksilver dragon skeleton (Crypt:3)
  3 ogre magi
  30 hydras
  26 vault guards
  7 caustic shrike simulacra
  2 spriggan skeletons (Crypt:3)
  18 naga warriors
  4 spriggan air magi
  5 boulder beetles
  15 centaur warriors
  A ghost crab (Swamp:3)
  4 catoblepae
  4 juggernaut simulacra
  8 alligators
  A death knight (Crypt:1)
  A radroach (shapeshifter) (Depths:2)
  10 stokers
  14 ironbound frosthearts
  21 anacondas
  A fenstrider witch skeleton (Crypt:2)
  An alligator (shapeshifter) (D:15)
  28 dancing weapons
  6 death yaks
  15 vampire magi
  8 two-headed ogres
  65 death scarabs
  6 deep troll earth magi
  11 deep troll shamans
  4 tengu warriors
  16 naga sharpshooters
  11 thrashing horrors
  38 hell hogs
  A titan zombie (Hell)
  3 orc high priests (Orc:2)
  9 sun demons
  17 deep elf knights
  9 shock serpents
  5 soul eaters
  30 hell knights
  A shock serpent (shapeshifter) (Vaults:5)
  A spectral dire elephant (Tar:7)
  A spectral emperor scorpion (Crypt:2)
  A spectral storm dragon (Crypt:2)
  21 shadow wraiths
  8 titan skeletons
  3 sixfirhies
  5 wretched stars
  7 iron trolls
  34 skeletal warriors
  A death drake (Tar:4)
  2 spatial maelstroms (Abyss:4)
  A sea snake (shapeshifter) (Vaults:4)
  A deep troll (shapeshifter) (Depths:4)
  5 goliath frogs
  5 salamander mystics
  86 deep trolls
  10 flayed ghosts
  9 swamp dragons
  9 spriggan druids
  7 glowing orange brains
  5 quicksilver dragon simulacra
  7 spectral hydras
  A storm dragon skeleton (Depths:1)
  6 naga ritualists
  5 spriggan simulacra
  An obsidian statue (Crypt:2)
  23 phantasmal warriors
  2 golden dragon skeletons (Depths:3)
  17 deep elf archers
  A sphinx zombie (Hell)
  11 ironbound convokers
  31 deep elf pyromancers
  A shadow dragon zombie (Hell)
  12 lindwurms
  13 harpies
  2 shadow demons (Tar:4)
  5 bog bodies
  16 necromancers
  2 anaconda skeletons (Crypt:3)
  14 orc knights
  6 wizards
  A swamp dragon (shapeshifter) (Depths:1)
  A bunyip skeleton (Tomb:3)
  21 deep elf zephyrmancers
  A goliath frog zombie (Crypt:3)
  6 shining eyes
  9 manticores
  7 oklob plants
  3 orc sorcerers (Orc:2)
  45 ugly things
  2 frost giant zombies (Hell)
  18 mana vipers
  2 spectral boulder beetles (D:11)
  8 cyclopes
  3 fire giant zombies
  4 stone giant zombies
  A spectral alligator snapping turtle (Crypt:2)
  137 slime creatures
  2 will-o-the-wisps
  6 worldbinders
  A sphinx skeleton (Depths:3)
  20 salamanders
  4 spectral centaurs
  2 moths of wrath (Snake:1)
  8 rust devils
  7 smoke demons
  Maurice (D:8)
  10 elephants
  An apocalypse crab (Abyss:4)
  A frost giant skeleton (Crypt:1)
  Joseph (D:8)
  3 naga skeletons
  22 naga magi
  2 dire elephant skeletons (Crypt:3)
  3 molten gargoyles (Hell)
  35 black mambas
  An iron dragon skeleton (Vaults:3)
  A dire elephant zombie (Crypt:1)
  4 centaur zombies
  A stone giant skeleton (Crypt:3)
  9 ice statues
  3 gargoyles
  9 guardian serpents
  21 vault sentinels
  A water nymph (Abyss:3)
  6 eyes of devastation
  6 titan simulacra
  A storm dragon simulacrum (Coc:2)
  6 unseen horrors
  2 elf zombies (Vaults:3)
  2 orange demons (Abyss:4)
  5 centaur skeletons
  12 cane toads
  11 large abominations
  6 hellions
  A demonic crawler (Hell)
  A yaktaur zombie (Vaults:3)
  A yaktaur (shapeshifter) (D:9)
  5 anaconda simulacra
  2 kobold demonologists (D:11)
  15 freezing wraiths
  An orb spider zombie (Crypt:3)
  A yaktaur skeleton (Vaults:3)
  2 hellwings
  24 tormentors
  37 yaktaurs
  2 iron giant simulacra
  53 guardian mummies
  An efreet (D:15)
  14 rime drakes
  A green draconian skeleton (Crypt:3)
  6 spectral nagas
  An alligator snapping turtle skeleton (Crypt:3)
  2 spectral two-headed ogres
  3 hydra zombies (Hell)
  A silent spectre (Tar:4)
  7 ice devils
  10 komodo dragons
  2 human skeletons (Vaults:3)
  A red devil (Hell)
  6 tengu conjurers
  9 spectral harpies
  A sea snake skeleton (Hell)
  A queen bee (D:12)
  3 ancient zymes (Abyss:3)
  A bloated husk (Swamp:2)
  18 hornets
  Grinder (D:4)
  7 death drake zombies (Swamp:4)
  A tarantella (Vaults:3)
  17 polar bears
  13 tyrant leeches
  17 blink frogs
  Prince Ribbit (D:5)
  A death drake skeleton (Swamp:4)
  10 trolls
  3 meliai (D:12)
  A slime creature (shapeshifter) (Depths:3)
  A spectral meliai (D:11)
  An iron dragon simulacrum (Coc:3)
  3 harpy skeletons (Crypt:3)
  An alligator zombie (Hell)
  4 raiju
  A shadow dragon simulacrum (Coc:1)
  A frost giant simulacrum (Vaults:3)
  2 ettin skeletons
  6 shadows
  22 starcursed masses
  4 stone giant simulacra
  2 air elementals
  5 vampires
  3 dire elephant simulacra
  55 flying skulls
  11 wraiths
  11 spriggans
  20 water elementals
  2 wyverns
  49 yaks
  2 ynoxinuls (Abyss:4)
  5 hogs (Snake:1)
  10 fire elementals
  12 golden eyes
  11 ushabtiu
  A chaos spawn (Abyss:4)
  A hog (shapeshifter) (Vaults:4)
  A black mamba skeleton (Crypt:3)
  A fire bat (Abyss:3)
  4 neqoxecs
  5 steam dragons
  A yaktaur simulacrum (Vaults:3)
  A redback (shapeshifter) (Vaults:4)
  15 vampire mosquitoes
  An elf skeleton (Vaults:3)
  63 nagas
  A naga zombie (Abyss:4)
  9 basilisks
  A redback (Vaults:3)
  13 harpy simulacra
  A wind drake skeleton (Crypt:3)
  3 spatial vortices (Abyss:4)
  15 swamp worms
  A fire bat zombie (Crypt:3)
  12 water moccasins
  8 hydra simulacra
  7 small abominations
  13 wargs
  29 orc warriors
  4 ice beasts
  4 swamp drakes
  3 floating eyes
  16 hell hounds
  2 floating eye zombies
  A snapping turtle zombie (Crypt:2)
  4 boulder beetle simulacra (D:11)
  2 black bears
  A black mamba simulacrum (D:11)
  5 ogres
  3 ettin simulacra
  19 wolves
  2 swamp dragon skeletons
  12 centaurs
  3 phantoms
  A vine stalker zombie (Crypt:1)
  Blork the orc (D:5)
  2 kobold brigands
  11 bullfrogs
  5 earth elementals
  4 necrophages
  A gnoll sergeant (D:12)
  7 naga simulacra
  5 scorpions
  A wyvern zombie (Crypt:2)
  27 wights
  2 jellies
  A queen bee zombie (Crypt:2)
  A water moccasin skeleton (Crypt:2)
  26 killer bees
  4 howler monkeys
  2 vampire bats (Lair:2)
  8 electric eels
  A crimson imp (Abyss:3)
  2 human simulacra (Vaults:3)
  2 gnoll boudas
  2 hounds (D:5)
  A spectral boggart (D:11)
  21 orc priests
  24 orc wizards
  Terence (D:3)
  Natasha (thrice) (D:2)
  4 iguanas
  A basilisk skeleton (Crypt:3)
  2 hell rats (D:11)
  Ijyb (D:4)
  A boggart skeleton (D:11)
  2 centaur simulacra
  An ogre skeleton (Crypt:1)
  A boggart simulacrum (D:11)
  52 mummies
  16 gnolls
  9 adders
  2 shadow imps
  6 white imps
  A howler monkey simulacrum (D:9)
  3 ufetubi
  3 worms
  4 dart slugs
  84 orcs
  A bat skeleton (Crypt:1)
  A bat zombie (Crypt:1)
  6 endoplasms
  2 giant cockroaches (D:3)
  9 goblins
  7 hobgoblins
  6 jackals (D:3)
  10 kobolds
  4 quokkas
  6 ball pythons
  A ball python skeleton (Crypt:2)
  14 bats
  5 frilled lizards
  A goblin skeleton (Crypt:2)
  6 rats
  9 creeping infernos
  36 fire vortices
  A lurking horror (Abyss:4)
  2 tentacles (Hell)
3706 creatures vanquished.

Vanquished Creatures (collateral kills)
  An ancient lich (Vaults:5)
  Parghit (Depths:3)
  4 royal mummies
  An acid blob (Slime:5)
  An azure jelly (Slime:5)
  A revenant (Tomb:3)
  The ghost of Firos the Martial Artist, an adept OpTm of Cheibriados (Snake:1)
  A vault warden (Vaults:5)
  A vampire knight (WizLab)
  A putrid mouth (Tar:7)
  A mummy priest (Tomb:2)
  A great orb of eyes (Slime:3)
  4 slime creatures (Slime:3)
  4 hell knights
  A golden dragon zombie (Tomb:3)
  A skeletal warrior (Tomb:2)
  A salamander (Snake:1)
  A freezing wraith (Vaults:5)
  2 guardian mummies (Tomb:2)
  A golden eye (Slime:3)
  An orc warrior (Orc:2)
  An orc wizard (Orc:2)
  3 mummies
  6 orcs (Orc:2)
41 creatures vanquished.

Vanquished Creatures (others)
  An azure jelly (Coc:1)
  4 shard shrike simulacra
  A vampire knight (Depths:3)
  6 caustic shrike simulacra
  A juggernaut simulacrum (Coc:4)
  An anaconda (Snake:2)
  A stoker (Geh:1)
  3 spriggan simulacra
  A deep elf pyromancer (Elf:1)
  A will-o-the-wisp (Swamp:3)
  A titan simulacrum (Coc:1)
  A hellion (Geh:1)
  A storm dragon simulacrum (Coc:1)
  4 anaconda simulacra
  A tormentor (Geh:3)
  2 bloated husks (Swamp:2)
  An iron dragon simulacrum (Coc:6)
  A stone giant simulacrum (Coc:2)
  3 dire elephant simulacra
  3 harpy simulacra
  A vampire mosquito (D:15)
  A hydra simulacrum (Coc:4)
  An ice beast (shapeshifter) (Depths:1)
  An ettin simulacrum (Coc:4)
  An orc wizard (D:8)
  3 orcs
  5 creeping infernos
  4 fire vortices
  8 foxfires
  21 fungi
  A lurking horror (Abyss:4)
  69 plants
  4 starspawn tentacles
  8 tentacles (Hell)
  8 toadstools (Swamp:3)
174 creatures vanquished.

Grand Total: 3921 creatures vanquished

Notes
Turn   | Place    | Note
-------+----------+-------------------------------------------
     0 | D:1      | suse60 the Gargoyle Fighter began the quest for the Orb.
     0 | D:1      | Reached XP level 1. HP: 14/14 MP: 1/1
   341 | D:1      | Reached XP level 2. HP: 19/19 MP: 2/2
   946 | D:1      | Reached XP level 3. HP: 19/24 MP: 3/3
  1007 | D:1      | Found a faded altar of an unknown god.
  1721 | D:2      | Noticed Natasha
  1729 | D:2      | Killed Natasha
  1730 | D:2      | Reached XP level 4. HP: 16/30 MP: 4/4
  2118 | D:2      | Noticed Natasha
  2153 | D:2      | Killed Natasha
  2317 | D:2      | Noticed Natasha
  2336 | D:2      | Killed Natasha
  2337 | D:2      | Reached XP level 5. HP: 33/34 MP: 5/5
  2401 | D:3      | Reached skill level 5 in Fighting
  2481 | D:3      | Found a shadowy altar of Dithmenos.
  2709 | D:3      | Noticed Terence
  3113 | D:3      | Killed Terence
  3114 | D:3      | Reached XP level 6. HP: 31/40 MP: 6/6
  3484 | D:3      | Found a snail-covered altar of Cheibriados.
  3577 | D:3      | Found a bloodstained altar of Trog.
  3711 | D:4      | Noticed Ijyb
  3742 | D:4      | Killed Ijyb
  3894 | D:4      | Noticed Grinder
  3894 | D:4      | Paralysed by Grinder for 4 turns
  3906 | D:5      | Entered Level 5 of the Dungeon
  3919 | D:5      | Reached skill level 5 in Maces & Flails
  4047 | D:5      | Noticed a black bear
  4082 | D:4      | Reached XP level 7. HP: 46/47 MP: 7/7
  4414 | D:5      | Noticed Prince Ribbit
  4425 | D:5      | Killed Prince Ribbit
  4426 | D:5      | Reached XP level 8. HP: 42/53 MP: 8/8
  4823 | D:5      | Noticed Blork the orc
  4829 | D:5      | Killed Blork the orc
  5294 | D:5      | Found a hazy altar of Hepliaklqana.
  5294 | D:5      | Found an ornate altar of the Wu Jian Council.
  5447 | D:4      | Paralysed by Grinder for 3 turns
  5449 | D:4      | Killed Grinder
  5478 | D:4      | Found a broken altar of Ashenzari.
  5912 | D:4      | Reached XP level 9. HP: 43/60 MP: 9/9
  6242 | D:6      | Found a staircase to the Ecumenical Temple.
  6247 | Temple   | Entered the Ecumenical Temple
  6612 | D:6      | Reached skill level 10 in Fighting
  6762 | D:6      | Found a white marble altar of Elyvilon.
  6851 | D:6      | Found a glowing silver altar of Zin.
  7007 | D:6      | Gained mutation: You are agile. (Dex +4, Str/Int -1)
                  | [potion of mutation]
  7007 | D:6      | Gained mutation: You expend magic power (3 MP) to
                  | strengthen your wands. [potion of mutation]
  7007 | D:6      | Gained mutation: You have sharp toenails. [potion of
                  | mutation]
  7007 | D:6      | Gained mutation: You are very agile. (Dex +8, Str/Int -2)
                  | [potion of mutation]
  7892 | D:7      | Found an opulent altar of Gozag.
  8028 | D:8      | Reached skill level 10 in Maces & Flails
  8028 | D:8      | Reached XP level 10. HP: 40/69 MP: 10/10
  8450 | D:8      | Reached skill level 1 in Dodging
  8560 | D:8      | Found a sparkling altar of Nemelex Xobeh.
  8715 | D:8      | Noticed Joseph
  8747 | D:8      | Killed Joseph
  8961 | D:8      | Noticed Maurice
  8997 | D:8      | Killed Maurice
  9447 | D:8      | Found a shimmering blue altar of Sif Muna.
 10900 | D:9      | Identified the +10 quarterstaff of Evil {spect, Fragile
                  | rElec rF+ Int+2}
 10920 | D:9      | Found a staircase to the Orcish Mines.
 11027 | D:9      | Reached XP level 11. HP: 59/76 MP: 11/11
 11301 | D:9      | Found a glowing golden altar of the Shining One.
 11309 | D:9      | Became a worshipper of the Shining One
 11360 | D:9      | Found a runed translucent door.
 11367 | D:9      | Noticed a four-headed hydra
 11423 | D:9      | Found the +4 robe of Folly {Brilliance Will-∞ Int+8}
 11455 | D:9      | Found an iron altar of Okawaru.
 11856 | D:9      | Found Meaffuqi's Weapon Boutique.
 11978 | D:10     | Entered Level 10 of the Dungeon
 12014 | D:10     | Reached skill level 1 in Staves
 12231 | D:10     | Noticed a two-headed ogre
 12298 | D:10     | Killed a two-headed ogre
 12299 | D:10     | Reached skill level 5 in Dodging
 12571 | D:11     | Found a staircase to the Lair.
 12611 | D:11     | Reached * piety under the Shining One
 12783 | D:11     | Reached ** piety under the Shining One
 12822 | D:11     | The Shining One protects you from harm!
 13228 | D:11     | Reached XP level 12. HP: 84/84 MP: 12/12
 13230 | D:11     | Reached skill level 5 in Staves
 13239 | D:11     | Reached *** piety under the Shining One
 13309 | D:11     | Noticed a centaur warrior
 13320 | D:11     | Killed a centaur warrior
 13866 | D:11     | Reached **** piety under the Shining One
 13891 | D:11     | Found a basalt altar of Yredelemnul.
 14147 | D:11     | Identified the +1 leather armour "Cysisul" {Rampage Str-5
                  | Int+9 Slay+5}
 14277 | Lair:1   | Entered Level 1 of the Lair of Beasts
 14489 | Lair:1   | Reached skill level 1 in Invocations
 15076 | Lair:2   | Reached skill level 15 in Fighting
 15094 | Lair:2   | Reached XP level 13. HP: 66/92 MP: 15/15
 15120 | Lair:2   | Found a gate leading to a gauntlet.
 15129 | Gauntlet | Entered a Gauntlet
 15129 | Gauntlet | Found a transporter.
 15238 | Gauntlet | Found a transporter.
 15241 | Gauntlet | Found a transporter.
 15242 | Gauntlet | Found a transporter.
 15246 | Gauntlet | Reached ***** piety under the Shining One
 15250 | Gauntlet | Found a transporter.
 15253 | Gauntlet | Found a transporter.
 15254 | Gauntlet | Found a transporter.
 15256 | Gauntlet | Noticed a green death
 15258 | Gauntlet | Found a runed translucent door.
 15258 | Gauntlet | Found a runed translucent door.
 15262 | Gauntlet | Found a transporter.
 15265 | Gauntlet | Found a transporter.
 15266 | Gauntlet | Found a transporter.
 15271 | Gauntlet | Noticed a quicksilver ooze
 15272 | Gauntlet | Found a runed translucent gate.
 15272 | Gauntlet | Found a runed translucent gate.
 15272 | Gauntlet | Found a runed translucent gate.
 15274 | Gauntlet | Found a transporter.
 15277 | Gauntlet | Found a transporter.
 15278 | Gauntlet | Found a transporter.
 15282 | Gauntlet | Found a runed translucent door.
 15284 | Gauntlet | Found a runed translucent door.
 15286 | Gauntlet | Found a transporter.
 15446 | Gauntlet | Killed a green death
 15447 | Gauntlet | Reached skill level 5 in Invocations
 15470 | Gauntlet | Killed a quicksilver ooze
 15477 | Gauntlet | Gained mutation: Your large and strong wings let you fly.
                  | [Gargoyle growth]
 15477 | Gauntlet | Reached XP level 14. HP: 86/98 MP: 9/20
 15557 | Gauntlet | Identified the +8 chain mail of the Orb Guardian {SInv}
 15751 | Lair:2   | Found a staircase to the Swamp.
 15797 | Lair:2   | Reached skill level 10 in Staves
 16015 | Lair:2   | You are sucked into a shaft and drop 2 floors!
 16851 | Lair:3   | Found a transporter.
 16859 | Lair:3   | Noticed Deesahac's ghost (journeyman BaFi)
 16888 | Lair:3   | Found a transporter.
 16957 | Lair:3   | Found a staircase to the Snake Pit.
 17242 | Lair:3   | Identified the +0 leather armour of the Engineer {Slay+2}
 17260 | Lair:3   | Reached skill level 10 in Invocations
 17869 | Lair:4   | Found a staircase to the Slime Pits.
 18628 | Lair:5   | Entered Level 5 of the Lair of Beasts
 19087 | Lair:5   | Reached XP level 15. HP: 95/103 MP: 23/23
 20530 | D:9      | Found the +3 greatsling "Punk" {acid, rCorr}
 20536 | D:9      | Identified the +1 robe of Iriboe {rElec Int+5 Dex+10}
 20592 | Orc:1    | Entered Level 1 of the Orcish Mines
 21060 | Orc:2    | Entered Level 2 of the Orcish Mines
 21406 | Orc:1    | Reached ****** piety under the Shining One
 21603 | Orc:2    | Noticed Azrael
 21623 | Orc:2    | Killed Azrael
 21799 | Orc:2    | Noticed Donald
 21813 | Orc:2    | Found a staircase to the Elven Halls.
 21845 | Orc:2    | Killed Donald
 21853 | Orc:2    | Noticed Saint Roka
 21902 | Orc:2    | Killed Saint Roka
 22212 | Elf:1    | Entered Level 1 of the Elven Halls
 22639 | Orc:2    | Found Xeddiney's Antique Weapon Shop.
 22639 | Orc:2    | Found Meirac's Book Emporium.
 22641 | Orc:2    | Found Paqaomur's General Store.
 22641 | Orc:2    | Found Orchonil's Jewellery Emporium.
 22649 | Orc:2    | Bought a +2 cloak of preservation for 258 gold pieces
 22649 | Orc:2    | Bought a scroll of teleportation for 36 gold pieces
 22649 | Orc:2    | Bought a potion of heal wounds for 60 gold pieces
 23048 | Lair:3   | Identified the +0 pair of boots of Saguarpha {rPois Str-2
                  | Int+4 Dex+6}
 23076 | Lair:3   | Killed Deesahac's ghost
 23086 | Lair:3   | Reached XP level 16. HP: 102/112 MP: 24/24
 23089 | Lair:3   | Identified the +1 pair of boots of Defence {Rampage rElec
                  | rC++}
 23154 | Snake:1  | Entered Level 1 of the Snake Pit
 23154 | Snake:1  | Found Xismeist's Antique Weapon Emporium.
 23177 | Snake:1  | Noticed Kirke
 23192 | Snake:1  | Killed Kirke
 23221 | Snake:1  | Found Lakellel's Antique Weapon Shop.
 23369 | Snake:1  | Found Ammyrph's Weapon Emporium.
 23416 | Snake:1  | Found Diqufug's Weapon Boutique.
 23573 | Snake:1  | Reached skill level 15 in Staves
 23643 | Snake:1  | Noticed a nagaraja
 23657 | Snake:1  | Killed a nagaraja
 24040 | Snake:1  | Found Hythretha's Jewellery Shop.
 24040 | Snake:1  | Found a stormy altar of Qazlal.
 24057 | Snake:1  | Found a transporter.
 24061 | Snake:1  | Found a bloodstained altar of Trog.
 24075 | Snake:1  | Noticed Firos's ghost (adept OpTm)
 24083 | Snake:1  | Found a transporter.
 24730 | Snake:1  | Killed Firos's ghost
 24780 | Snake:1  | Identified the ring of Xom's Best Wishes {Fly rPois Int+3
                  | Stlth+}
 24996 | Snake:2  | Noticed Nikola
 25013 | Snake:2  | Killed Nikola
 26711 | Snake:2  | Reached XP level 17. HP: 122/122 MP: 25/25
 28368 | Snake:3  | Identified the +0 helmet of Exclusion {rElec}
 29125 | Snake:4  | Entered Level 4 of the Snake Pit
 29660 | Snake:4  | Noticed Vashnia
 29676 | Snake:4  | Killed Vashnia
 30499 | Snake:4  | Reached XP level 18. HP: 116/132 MP: 26/26
 31293 | Snake:4  | Got a serpentine rune of Zot
 31628 | Swamp:1  | Entered Level 1 of the Swamp
 31628 | Swamp:1  | Found a frozen archway.
 31639 | IceCv    | Entered an ice cave
 31834 | IceCv    | Reached skill level 1 in Throwing
 33074 | Swamp:1  | Reached skill level 1 in Ranged Weapons
 33656 | Swamp:2  | Noticed Louise
 33696 | Swamp:2  | Killed Louise
 34214 | Swamp:2  | Identified a scroll of acquirement
 34216 | Swamp:2  | Acquired a manual of Dodging
 34695 | Swamp:2  | Reached XP level 19. HP: 109/140 MP: 27/27
 34802 | Swamp:2  | Noticed Mlioglotl
 34820 | Swamp:2  | Killed Mlioglotl
 34821 | Swamp:2  | Reached skill level 5 in Ranged Weapons
 35550 | Swamp:4  | Entered Level 4 of the Swamp
 36338 | Swamp:4  | Paralysed by a vampire knight for 5 turns
 36365 | Swamp:4  | Reached skill level 10 in Dodging
 36371 | Swamp:4  | Reached skill level 5 in Armour
 37150 | Swamp:4  | Found a basalt altar of Yredelemnul.
 37181 | Swamp:4  | Found a blossoming altar of Fedhas.
 37214 | Swamp:4  | Got a decaying rune of Zot
 37951 | Elf:1    | Found Fiaqy's Assorted Antiques.
 37952 | Elf:1    | Found Jaadit's Distillery.
 37952 | Elf:1    | Found Jog Jorr's Magic Scroll Emporium.
 37954 | Elf:1    | Found Yzisatakk's Weapon Emporium.
 37965 | Elf:1    | Bought a potion of curing for 39 gold pieces
 37965 | Elf:1    | Bought a potion of might for 52 gold pieces
 37965 | Elf:1    | Bought a potion of heal wounds for 65 gold pieces
 37965 | Elf:1    | Bought a potion of heal wounds for 65 gold pieces
 37965 | Elf:1    | Bought 2 potions of curing for 78 gold pieces
 38558 | Elf:1    | Noticed Jorgrun
 38568 | Elf:1    | Killed Jorgrun
 38792 | Elf:1    | Reached XP level 20. HP: 143/150 MP: 28/28
 39380 | Elf:2    | Found a huge runed translucent gate.
 39380 | Elf:2    | Found a huge runed translucent gate.
 39380 | Elf:2    | Found a huge runed translucent gate.
 39380 | Elf:2    | Found a huge runed translucent gate.
 39380 | Elf:2    | Found a huge runed translucent gate.
 39712 | Elf:2    | Reached skill level 10 in Armour
 40238 | Elf:3    | Entered Level 3 of the Elven Halls
 40601 | Elf:3    | Found Nimea's Book Emporium.
 41741 | Elf:3    | Identified the +11 dagger of Tender Mercy {chaos, rN+}
 41984 | Elf:3    | Identified the +9 plate armour "Umisoz" {rPois Dex+2
                  | Slay+2}
 42037 | Elf:3    | Identified the +10 trident of the Ass {elec, Fly rElec rF+}
 42278 | Elf:3    | Identified the +8 trident of Fortitude {holy, rPois}
 42280 | Elf:3    | Identified the +2 pair of gloves of the Gastropod {rPois
                  | rC- MP+9 Dex-4}
 42280 | Elf:3    | Found the +3 giant club "Skullcrusher" {speed, Str+7}
 42294 | Elf:3    | Identified the +8 shortbow of Glory {speed, rC+ rN++}
 42304 | Elf:3    | Identified the +7 shortbow of World Downfall {venom, rN+
                  | Will+ Str+4}
 42394 | Elf:3    | Identified the +5 plate armour "Amnoupp" {rPois rF+ Int+4}
 43604 | D:13     | Reached XP level 21. HP: 158/158 MP: 29/29
 44137 | D:13     | Found a portal to a secret trove of treasure.
 44680 | D:13     | Found a gate to the Vaults.
 45357 | D:14     | Found a runed translucent door.
 45838 | D:15     | Entered Level 15 of the Dungeon
 45889 | D:15     | Identified the +6 dagger "Yzxiyn" {antimagic, Will+ Int+3}
 45950 | D:15     | Noticed Josephine
 45959 | D:15     | Killed Josephine
 45976 | D:15     | Identified the +1 trident of the Goat {protect, Fragile
                  | rPois rC- SInv}
 46107 | D:15     | Noticed Rupert
 46121 | D:15     | Killed Rupert
 46469 | D:15     | Found a staircase to the Depths.
 46743 | Depths:1 | Entered Level 1 of the Depths
 47335 | D:15     | Reached skill level 15 in Armour
 47515 | Depths:1 | Noticed Mara
 47528 | Depths:1 | Noticed suse60's illusion
 47528 | Depths:1 | Killed Mara
 47744 | Depths:1 | Reached XP level 22. HP: 84/168 MP: 30/30
 48571 | Depths:1 | Reached skill level 27 in Fighting
 48826 | Depths:1 | Found a gateway to Hell.
 48907 | Depths:1 | Found a stormy altar of Qazlal.
 49062 | Depths:1 | Found a one-way gateway to a ziggurat.
 50125 | Depths:2 | Noticed a golden dragon
 50140 | Depths:2 | Killed a golden dragon
 50491 | Depths:2 | Found a one-way gate leading to the halls of Pandemonium.
 50495 | Depths:2 | Paralysed by a floating eye for 2 turns
 50503 | Depths:2 | Paralysed by a floating eye for 3 turns
 50514 | Depths:2 | Paralysed by a floating eye for 4 turns
 50525 | Depths:2 | Paralysed by a floating eye for 4 turns
 52096 | Depths:3 | Found a radiant altar of Vehumet.
 52117 | Depths:3 | Reached XP level 23. HP: 146/175 MP: 31/31
 53016 | Depths:3 | Noticed Parghit
 53044 | Depths:3 | Killed Parghit
 53372 | Depths:3 | Found a one-way gate to the infinite horrors of the Abyss.
 53447 | Depths:3 | Noticed a juggernaut
 53454 | Depths:3 | Noticed a juggernaut
 53465 | Depths:3 | Killed a juggernaut
 53479 | Depths:3 | Killed a juggernaut
 53933 | Depths:3 | Noticed a juggernaut
 53945 | Depths:3 | Killed a juggernaut
 54077 | Depths:3 | Noticed a caustic shrike
 54086 | Depths:3 | Killed a caustic shrike
 54087 | Depths:3 | Found the +7 captain's cutlass {speed, disarm}
 54141 | Depths:3 | Noticed a golden dragon
 54150 | Depths:3 | Killed a golden dragon
 54278 | Depths:4 | Entered Level 4 of the Depths
 54494 | Depths:4 | Noticed a juggernaut
 54880 | Depths:4 | Killed a juggernaut
 55325 | Depths:4 | Got the Compilation of the Caves and Evil Rituals
 55392 | Depths:4 | Found a gate to the Realm of Zot.
 55497 | Depths:4 | Found a blossoming altar of Fedhas.
 56259 | Vaults:1 | Entered Level 1 of the Vaults
 56475 | Vaults:1 | Identified the +10 glaive "Ypramn" {venom, rElec Str+3}
 57811 | Vaults:2 | Reached XP level 24. HP: 147/181 MP: 31/31
 59148 | Vaults:2 | Noticed a dread lich
 59162 | Vaults:2 | Killed a dread lich
 61301 | Vaults:3 | Found a staircase to the Crypt.
 61701 | Vaults:4 | Found a magical portal.
 61712 | WizLab   | Entered Yara's Duelist Academy
 61860 | WizLab   | Reached XP level 25. HP: 154/187 MP: 29/31
 62029 | WizLab   | Noticed Kobipn
 62040 | WizLab   | Killed Kobipn the Head Instructor
 62181 | WizLab   | Got Yara's Incunable of Guile
 62389 | Vaults:4 | Paralysed by a great orb of eyes for 4 turns
 62899 | D:13     | You paid a toll of 2 scrolls of acquirement to enter a
                  | treasure trove
 62900 | Trove    | Entered a treasure trove
 62970 | Trove    | Identified the amulet of the Sparrow {Acrobat rF+ rN+
                  | Slay+3}
 62974 | Trove    | Identified the amulet "Tunorgh" {RegenMP *Slow rCorr Int+6
                  | Dex-3}
 63101 | D:13     | Reached XP level 26. HP: 193/193 MP: 31/31
 63281 | Vaults:4 | Noticed Xtahua
 63292 | Vaults:4 | Killed Xtahua
 65014 | Vaults:4 | Noticed Bai Suzhen
 65029 | Vaults:4 | Killed Bai Suzhen
 65260 | Vaults:5 | Entered Level 5 of the Vaults
 65278 | Vaults:4 | Reached skill level 15 in Dodging
 65781 | Slime:1  | Entered Level 1 of the Pits of Slime
 66331 | Slime:1  | Gained mutation: You are dopey. (Int -2) [a shining eye]
 68309 | Slime:3  | Reached XP level 27. HP: 178/199 MP: 32/32
 68459 | Slime:4  | Gained mutation: You sometimes lose your temper in combat.
                  | [a shining eye]
 68598 | Slime:5  | Entered Level 5 of the Pits of Slime
 69437 | Slime:5  | Gained mutation: You occasionally lose the ability to read
                  | scrolls when taking damage. [a shining eye]
 69591 | Lair:2   | Lost mutation: You expend magic power (3 MP) to strengthen
                  | your wands. [potion of mutation]
 69591 | Lair:2   | Lost mutation: You are dopey. (Int -2) [potion of mutation]
 69591 | Lair:2   | Lost mutation: You sometimes lose your temper in combat.
                  | [potion of mutation]
 69591 | Lair:2   | Gained mutation: You have razor-sharp toenails. [potion of
                  | mutation]
 69591 | Lair:2   | Gained mutation: You expend magic power (3 MP) to
                  | strengthen your wands. [potion of mutation]
 69645 | Swamp:3  | Lost mutation: You occasionally lose the ability to read
                  | scrolls when taking damage. [potion of mutation]
 69645 | Swamp:3  | Lost mutation: You expend magic power (3 MP) to strengthen
                  | your wands. [potion of mutation]
 69645 | Swamp:3  | Gained mutation: Your flesh is heat resistant. (rF+)
                  | [potion of mutation]
 70132 | Slime:5  | Noticed the Royal Jelly
 71174 | Slime:5  | Killed the Royal Jelly
 71959 | Slime:5  | Got a slimy rune of Zot
 71988 | Slime:5  | Got the Teachings on the Winter
 71999 | Slime:5  | Got Lemol's Anthology of Charms
 72029 | Slime:5  | Identified the +3 short sword of Qius {holy, *Noise rN++}
 72052 | Slime:5  | Identified a ring of the Rescuing Madman {Fire rCorr}
 72632 | Crypt:1  | Entered Level 1 of the Crypt
 73494 | Crypt:1  | Noticed Margery
 73503 | Crypt:1  | Killed Margery
 74125 | Crypt:2  | Noticed a royal mummy
 74135 | Crypt:2  | Killed a royal mummy
 74176 | Crypt:2  | Got the Omnibus of Coordinates and Hexing
 74896 | Crypt:3  | Entered Level 3 of the Crypt
 75491 | Crypt:3  | Noticed Grunn
 75508 | Crypt:3  | Killed Grunn
 76246 | Crypt:3  | Noticed an ancient lich
 76254 | Crypt:3  | Killed an ancient lich
 76282 | Crypt:3  | Identified the +6 hand axe "Duxica" {chaos, rC++ Will- MP+9
                  | Dex+4}
 76299 | Crypt:3  | Identified the +1 scale mail "Ihuduocu" {rElec rF+ Will++
                  | Str-2}
 76328 | Crypt:3  | Identified the +0 robe of Itufumef {rCorr Str-2 Int+3
                  | Dex+4}
 76678 | Crypt:3  | Found a staircase to the Tomb.
 77041 | Tomb:1   | Entered Level 1 of the Tomb of the Ancients
 77856 | Tomb:1   | Noticed a royal mummy
 77871 | Tomb:1   | Killed a royal mummy
 77879 | Tomb:1   | Noticed a royal mummy
 77893 | Tomb:1   | Killed a royal mummy
 78074 | Tomb:2   | Noticed a royal mummy
 78076 | Tomb:2   | Noticed a royal mummy
 78079 | Tomb:2   | Reached skill level 10 in Ranged Weapons
 78079 | Tomb:2   | Noticed a royal mummy
 78082 | Tomb:2   | Noticed a royal mummy
 78655 | Tomb:2   | Killed a royal mummy
 78680 | Tomb:2   | Killed a royal mummy
 79157 | Tomb:2   | Killed a royal mummy
 79176 | Tomb:2   | Killed a royal mummy
 79452 | Tomb:1   | Noticed a royal mummy
 79453 | Tomb:1   | Noticed a royal mummy
 79458 | Tomb:1   | Noticed a royal mummy
 79461 | Tomb:1   | Noticed a royal mummy
 79463 | Tomb:1   | Killed a royal mummy
 79850 | Tomb:1   | Killed a royal mummy
 79854 | Tomb:1   | Killed a royal mummy
 79860 | Tomb:1   | Noticed a royal mummy
 79862 | Tomb:1   | Killed a royal mummy
 79867 | Tomb:1   | Noticed a royal mummy
 79869 | Tomb:1   | Noticed a royal mummy
 80364 | Tomb:1   | Killed a royal mummy
 80374 | Tomb:1   | Killed a royal mummy
 80381 | Tomb:1   | Killed a royal mummy
 80444 | Tomb:1   | Noticed a royal mummy
 80451 | Tomb:1   | Noticed a royal mummy
 80452 | Tomb:1   | Killed a royal mummy
 80465 | Tomb:1   | Killed a royal mummy
 80718 | Tomb:1   | Noticed a royal mummy
 80726 | Tomb:1   | Killed a royal mummy
 80729 | Tomb:1   | Noticed a royal mummy
 80741 | Tomb:1   | Killed a royal mummy
 80880 | Tomb:1   | Noticed a royal mummy
 80903 | Tomb:1   | Killed a royal mummy
 81063 | Tomb:3   | Entered Level 3 of the Tomb of the Ancients
 81072 | Tomb:3   | Noticed a royal mummy
 81072 | Tomb:3   | Noticed a royal mummy
 81077 | Tomb:3   | Noticed a royal mummy
 81083 | Tomb:3   | Noticed a royal mummy
 81470 | Tomb:3   | Noticed a royal mummy
 81528 | Tomb:3   | Noticed a royal mummy
 81536 | Tomb:3   | Killed a royal mummy
 81908 | Tomb:3   | Noticed a royal mummy
 81940 | Tomb:3   | Killed a royal mummy
 82351 | Tomb:3   | Killed a royal mummy
 82355 | Tomb:3   | Noticed a royal mummy
 82373 | Tomb:3   | Killed a royal mummy
 82384 | Tomb:3   | Killed a royal mummy
 82532 | Tomb:3   | Noticed a royal mummy
 82547 | Tomb:3   | Killed a royal mummy
 82655 | Tomb:3   | Killed a royal mummy
 82766 | Tomb:3   | Killed a royal mummy
 83013 | Tomb:3   | Got a golden rune of Zot
 83170 | Tomb:3   | Killed a royal mummy
 83524 | Tomb:3   | Found the +9 heavy crossbow "Sniper" {vorpal, Acc+∞ SInv}
 84699 | Vaults:4 | Upgraded the game from 0.29.1-2-gbd0b4ee654 to
                  | 0.29.1-4-g47bece8355
 85363 | Vaults:5 | Identified the +11 trident "Calym" {freeze, rC+}
 85619 | Vaults:5 | Identified the +7 whip "Vota Xaute" {drain, Drain rF+
                  | Dex+9}
 85676 | Vaults:5 | Noticed an ancient lich
 85696 | Vaults:5 | Killed an ancient lich
 86577 | Vaults:5 | Identified the +2 cloak of the Feral God {-Cast +Blink
                  | Str+4 SInv}
 86759 | Vaults:5 | Identified the +1 robe "Avvadev" {-Cast Dex+3}
 86788 | Vaults:5 | Found Azodinu's Assorted Antiques.
 86796 | Vaults:5 | Bought a blackened diamond amulet for 160 gold pieces
 86796 | Vaults:5 | Bought a potion of curing for 96 gold pieces
 86796 | Vaults:5 | Bought a scroll of summoning for 304 gold pieces
 86801 | Vaults:5 | Identified the +1 fire dragon scales of the Shining One's
                  | Hope {rF++ rC- Regen+ Str+5}
 86832 | Vaults:5 | Identified the +2 trident of Xigap {protect, Str+2}
 86832 | Vaults:5 | Identified the amulet "Asaoshob" {RegenMP Harm Will+ Regen+
                  | Str+4}
 86849 | Vaults:5 | Identified the +13 plate armour of the Depths {rElec rC-
                  | Str+7 Int-2}
 87262 | Vaults:5 | Found the +8 orange crystal plate armour {Archmagi, Int+3
                  | Clar}
 87282 | Vaults:5 | Got a silver rune of Zot
 87781 | Hell     | Entered the Vestibule of Hell
 87781 | Hell     | Noticed Geryon
 88595 | Abyss:2  | Found a corrupted altar of Lugonu.
 88595 | Abyss:2  | Cast into level 2 of the Abyss (hell knight)
 88635 | Abyss:3  | Found a corrupted altar of Lugonu.
 88671 | Abyss:3  | Found a corrupted altar of Lugonu.
 89097 | Abyss:4  | Got an abyssal rune of Zot
 89422 | Abyss:4  | Gained mutation: Your spells are a little easier to cast,
                  | but a little less powerful. [a neqoxec]
 89425 | Abyss:4  | Gained mutation: You occasionally lose the ability to read
                  | scrolls when taking damage. [a neqoxec]
 89508 | Hell     | Escaped the Abyss
 89543 | Hell     | Killed Geryon
 89803 | Hell     | Found a gateway to the freezing wastes of Cocytus.
 89885 | Hell     | Found a gateway to the decaying netherworld of Tartarus.
 89914 | Hell     | Found a gateway to the ashen valley of Gehenna.
 90129 | Hell     | Found a gateway to the Iron City of Dis.
 90184 | Tar:1    | Entered Level 1 of Tartarus
 90634 | D:11     | Lost mutation: You are very agile. (Dex +8, Str/Int -2)
                  | [potion of mutation]
 90634 | D:11     | Lost mutation: Your spells are a little easier to cast, but
                  | a little less powerful. [potion of mutation]
 90634 | D:11     | Lost mutation: You occasionally lose the ability to read
                  | scrolls when taking damage. [potion of mutation]
 90634 | D:11     | Gained mutation: You are very agile. (Dex +8, Str/Int -2)
                  | [potion of mutation]
 90634 | D:11     | Gained mutation: Your body sometimes deteriorates upon
                  | taking damage. [potion of mutation]
 90731 | D:15     | Lost mutation: You are very agile. (Dex +8, Str/Int -2)
                  | [potion of mutation]
 90731 | D:15     | Lost mutation: Your flesh is heat resistant. (rF+) [potion
                  | of mutation]
 90731 | D:15     | Gained mutation: You are somewhat resistant to further
                  | mutation. [potion of mutation]
 90736 | D:15     | Lost mutation: You are somewhat resistant to further
                  | mutation. [potion of mutation]
 90736 | D:15     | Lost mutation: You have razor-sharp toenails. [potion of
                  | mutation]
 90736 | D:15     | Lost mutation: Your body sometimes deteriorates upon taking
                  | damage. [potion of mutation]
 90736 | D:15     | Gained mutation: You have a pair of small antennae on your
                  | head. [potion of mutation]
 91203 | Tar:2    | Noticed a dread lich
 91211 | Tar:2    | Killed a dread lich
 91909 | Tar:3    | Reached skill level 27 in Armour
 92268 | Tar:4    | Found a huge runed gate.
 92268 | Tar:4    | Found a huge runed gate.
 92268 | Tar:4    | Found a huge runed gate.
 92268 | Tar:4    | Found a huge runed gate.
 92269 | Tar:4    | Found a huge runed gate.
 92269 | Tar:4    | Found a huge runed gate.
 92270 | Tar:4    | Found a huge runed gate.
 92270 | Tar:4    | Found a huge runed gate.
 92272 | Tar:4    | Found a huge runed gate.
 92274 | Tar:4    | Found a huge runed gate.
 92286 | Tar:4    | Found a huge runed gate.
 92286 | Tar:4    | Found a huge runed gate.
 92286 | Tar:4    | Found a huge runed gate.
 92286 | Tar:4    | Found a huge runed gate.
 92286 | Tar:4    | Found a huge runed gate.
 92286 | Tar:4    | Found a huge runed gate.
 92303 | Tar:4    | Reached skill level 27 in Staves
 92376 | Tar:4    | Found a huge runed gate.
 92377 | Tar:4    | Found a huge runed gate.
 92378 | Tar:4    | Found a huge runed gate.
 92386 | Tar:4    | Found a huge runed gate.
 92386 | Tar:4    | Found a huge runed gate.
 92386 | Tar:4    | Found a huge runed gate.
 92386 | Tar:4    | Found a huge runed gate.
 92386 | Tar:4    | Found a huge runed gate.
 92386 | Tar:4    | Found a huge runed gate.
 92387 | Tar:4    | Found a huge runed gate.
 92388 | Tar:4    | Found a huge runed gate.
 92389 | Tar:4    | Found a huge runed gate.
 92398 | Tar:4    | Found a huge runed gate.
 92398 | Tar:4    | Found a huge runed gate.
 92398 | Tar:4    | Found a huge runed gate.
 92398 | Tar:4    | Found a huge runed gate.
 92398 | Tar:4    | Found a huge runed gate.
 92398 | Tar:4    | Found a huge runed gate.
 92399 | Tar:4    | Found a huge runed gate.
 92517 | Tar:4    | Found a huge runed gate.
 92526 | Tar:4    | Noticed an ancient lich
 92537 | Tar:4    | Killed an ancient lich
 92567 | Tar:4    | Reached skill level 15 in Ranged Weapons
 94086 | Tar:7    | Entered Level 7 of Tartarus
 95822 | Tar:7    | Identified the +4 glaive of Ru {pain, rPois Stlth+}
 96013 | Tar:7    | Identified the ring "Atapp" {+Blink rC+ Int+4}
 96029 | Tar:7    | Found the +11 plutonium sword {Contam Stlth-}
 96098 | Tar:7    | Identified the +5 mace of Mureadirid {freeze, rN+ Dex+7}
 96233 | Tar:7    | Identified the ring of Wishful Thinking {*Corrode rElec
                  | Will+++ MP+9 SInv}
 96761 | Tar:7    | Reached skill level 15 in Invocations
 97086 | Tar:7    | Noticed Ereshkigal
 97124 | Tar:7    | Killed Ereshkigal
 97184 | Tar:7    | Got a bone rune of Zot
 98291 | Coc:1    | Entered Level 1 of Cocytus
 98306 | Coc:1    | Paralysed by a wendigo for 1 turns
 98493 | Coc:1    | Paralysed by a wendigo for 1 turns
 98969 | Coc:2    | Paralysed by a wendigo for 1 turns
 99954 | Coc:4    | Paralysed by a wendigo for 1 turns
100328 | Coc:4    | Upgraded the game from 0.29.1-4-g47bece8355 to
                  | 0.29.1-12-g30fa7ad0bf
101318 | Coc:7    | Entered Level 7 of Cocytus
102425 | Coc:7    | Paralysed by a wendigo for 1 turns
102986 | Coc:7    | Identified the +8 halberd "Letto" {flame, SInv}
103084 | Coc:7    | Identified the +1 leather armour "Laraff" {Will- Str-5
                  | Dex+3 Stlth+}
103371 | Coc:7    | Noticed an ancient lich
103384 | Coc:7    | Killed an ancient lich
103528 | Coc:7    | Identified the +9 falchion "Cedakk" {venom, rF+ Str+3 Dex+6
                  | Stlth-}
104294 | Coc:7    | Reached skill level 27 in Dodging
104404 | Coc:7    | Reached skill level 1 in Long Blades
104669 | Coc:7    | Identified the +2 rapier of Jonee {drain, rC+ rN+ MP+9}
104669 | Coc:7    | Noticed Antaeus
104745 | Coc:7    | Killed Antaeus
105052 | Coc:7    | Got an icy rune of Zot
105053 | Coc:7    | Identified the +7 trident "Zomucsak" {venom, rN++ rCorr}
105543 | Geh:1    | Entered Level 1 of Gehenna
105569 | Geh:1    | Reached skill level 5 in Long Blades
107899 | Geh:6    | Noticed an ancient lich
107905 | Geh:6    | Killed an ancient lich
107919 | Geh:6    | Noticed an ancient lich
107927 | Geh:6    | Killed an ancient lich
108238 | Geh:7    | Entered Level 7 of Gehenna
108577 | Geh:7    | Noticed the Serpent of Hell
108602 | Geh:7    | Killed the Serpent of Hell
109631 | Geh:7    | Identified the +11 lajatang "Redyixer" {holy, Stlth+}
109838 | Geh:7    | Identified the +4 quarterstaff of Currency {freeze, rN++
                  | Str-2}
110062 | Geh:7    | Found the +7 sceptre of Asmodeus
110062 | Geh:7    | Noticed Asmodeus
110086 | Geh:7    | HP: 5/199 [Asmodeus/the +7 sceptre of Asmodeus (10)]
110088 | Geh:7    | Killed from afar by Asmodeus

Illustrated notes

Levels and vault maps discovered:
D:1:      lightli_arrival_statuegarden, layout_basic, basic_ecumenical_altar
D:2:      layout_loops_corners, uniq_natasha
D:3:      layout_loops_ring, mainiacjoe_overflow_catwalk, marbit_many_paths,
          chei_slow_surprise, minmay_box_of_dots, uniq_terence
D:4:      layout_basic, nicolae_ashenzari_skybound, uniq_ijyb, uniq_grinder
D:5:      layout_gridville, nicolae_overflow_two_pavilions, grunt_ministairs_1,
          uniq_blork_the_orc, uniq_prince_ribbit1
D:6:      layout_cave_pools, mainiacjoe_overflow_chevrons,
          nicolae_overflow_crystal_walls, minmay_temple_entry_ruins
D:7:      layout_loops_cross, kennysheep_mini, kennysheep_generic_room_16
D:8:      layout_gridville, nemelex_diamond_rough_becter,
          general_overflow_altar, special_room [special_room_orc],
          minmay_misc_feat_columns, nicolae_two_hexagons, uniq_maurice,
          uniq_joseph
D:9:      layout_irregular_city, old_standard_altar, old_standard_altar,
          orc_0_dummy, serial_shops, shop_statue, serial_ice, serial_ice_o,
          serial_ice_d, serial_ice_h, serial_ice_e,
          dreamdust_deal_with_the_devil, minivault_13
D:10:     layout_rooms
D:11:     lemuel_vampire_tower, layout_basic, lair_entry_dummy
D:12:     layout_rooms, special_room [special_room_bee]
D:13:     layout_roguey, david_vaults_5, nicolae_trove_entry_columns,
          grunt_potential
D:14:     layout_basic, minmay_misc_feat_plants, nicolae_danse_macabre
D:15:     hangedman_depths_entry_try_elsewhere_first, layout_rooms,
          abandoned_shop, kb_tengu_band, uniq_rupert, uniq_josephine
Temple:   compressed_dpeg_triangle_lava_temple
Lair:1:   layout_chaotic_city
Lair:2:   dpeg_oklob_gauntlet, layout_chaotic_city, minmay_swamp_entry_swarm,
          gauntlet_entry_generic, st_stairs_3, roderic_batcave,
          hibernation_bobbens, serial_bayou_shore_b
Lair:3:   layout_roguey, guppyfry_snake_entry_garden, nzn_ghost_randoct,
          grunt_forest_large_clearing_hut
Lair:4:   layout_cave_pods, slime_entry_1
Lair:5:   evilmike_catoblepas_cave, layout_regular_city,
          grunt_forest_small_clearings, wad_woods_river_01
Swamp:1:  layout_falls_marsh, portal_ice_cave_entry_pillars_three,
          evilmike_swamp_ruin_house_2, swamp_pool4
Swamp:2:  nzn_winding_woodlands_small [nzn_winding_woodlands_5x15_parted,
          nzn_winding_woodlands_center_lodge, nzn_winding_woodlands_5x15_eye],
          layout_basic_swamp, serial_swamp_ruin, evilmike_swamp_ruin_rubble_2,
          evilmike_swamp_ruin_rubble_1, swamp_pool1, uniq_louise, uniq_mlioglotl
Swamp:3:  cheibrodos_swamp_tower_of_moss, layout_basic_swamp,
          hangedman_swamp_ruin_hall
Swamp:4:  byrel_swamp_growth_death_and_undeath, layout_basic_swamp
Snake:1:  layout_rooms, serial_shops, shop, shop, nicolae_shop_statue_plus,
          shop, nicolae_shop_hallway_plus, gammafunk_ghost_wrathful_warriors,
          basic_altar, hangedman_snake_sidewinding, lemuel_fruit_tree,
          uniq_kirke
Snake:2:  layout_layer_cave, st_stairs_14, nicolae_triple_integral,
          grunt_megastairs_3, serial_bayou_shore_b, uniq_nikola
Snake:3:  layout_layer_cave
Snake:4:  snake_pit_salamanders_mu, layout_misc_corridors, uniq_vashnia
Slime:1:  layout_caves, cheibrodos_slime_lost_civilization_5
Slime:2:  layout_caves
Slime:3:  layout_caves, special_room [special_room_jelly]
Slime:4:  layout_caves
Slime:5
Orc:1:    layout_caves, mines5_lemuel
Orc:2:    grunt_orc_tribal_feast, layout_diamond_mine, basic_altar, uniq_donald,
          uniq_azrael, uniq_saint_roka
Elf:1:    eino_elf_arrival_customs, layout_gridlike, minivault_28,
          minmay_shop_grid_forest, uniq_jorgrun
Elf:2:    elven_hall_of_blades_hangedman_alternative
          [nicolae_blade_entry_hurt_lockers], layout_rooms
Elf:3:    minmay_elf_hall_dome, layout_geoelf_castle, serial_shops, shop
Vaults:1: nicolae_vaults_alarming, nicolae_vaults_rhombus_5,
          hangedman_vaults_nails, vaults_dpeg_emergency_exit,
          vaults_mumra_minichess_inversion, nicolae_vaults_little_squares_6,
          ontoclasm_vaults_ligature, layout_vaults_big_room
Vaults:2: v_misc_28, nicolae_vaults_little_squares_4, v_misc_27, v_misc_18,
          vaults_mumra_chevron, vaults_room_large_hall, dpeg_vaults_monster_box,
          vaults_dpeg_cross, hangedman_vaults_hat, vaults_room_door_hall,
          nicolae_vaults_murderbox, vaults_room_pool,
          ontoclasm_vaults_ring_small, layout_vaults_ring
Vaults:3: st_more_cells, ontoclasm_vaults_ring_square, vaults_room_door_ring,
          nicolae_vaults_specimen_jars, minmay_crypt_entry_vampire_xt,
          nicolae_vaults_theta, vaults_room_door_ring, v_pattern_4,
          vaults_standard_mumra_lines, hangedman_vaults_maws,
          vaults_room_door_hall, v_misc_16, layout_vaults_big_cross
Vaults:4: infiniplex_enter_wizlab_glasses, nicolae_vaults_big_ls,
          hangedman_vaults_impose, nicolae_vaults_windows_and_doors_thing,
          v_misc_28, nicolae_vaults_circle_grid_a, v_misc_2,
          ontoclasm_vaults_hangar, ontoclasm_vaults_shout, v_rooms_4, v_misc_17,
          hangedman_vaults_maws, layout_vaults_maze, uniq_xtahua,
          uniq_bai_suzhen
Vaults:5
Crypt:1:  layout_gridlike, chequers_hall_statues_corner_a, minivault_27,
          minivault_25, uniq_josephina, uniq_margery
Crypt:2:  lemuel_minitomb, layout_gridlike, minivault_14
Crypt:3:  due_elkab, layout_chaotic_city, nicolae_tomb_entry_rubble_hallway,
          wad_floor_pattern_untrapped, uniq_grunn
Tomb:1
Tomb:2
Tomb:3
Depths:1: minmay_the_grid_octo_tiled_squarecenter [minmay_the_grid_octo_chip,
          minmay_the_grid_octo_horde, minmay_the_grid_octo_fat_diamond,
          minmay_the_grid_octo_teeth,
          minmay_the_grid_square_5x5_megaprize_hollow,
          minmay_the_grid_square_5x5_n, minmay_the_grid_square_5x5_detours,
          minmay_the_grid_square_5x5_slash, minmay_the_grid_square_5x5_tie],
          layout_honeycomb, enter_ziggurat_e, serial_bayou, serial_bayou_pond_d,
          serial_bayou_shore_a, serial_bayou_shore_b, serial_bayou_pond_d,
          hell_entry, lemuel_tele_altar, serial_bayou_shore_b, uniq_mara
Depths:2: minmay_sliced_demisemicircle, layout_gridlike, rand_demon_pan_entry_3,
          hell_entry
Depths:3: minmay_box_of_curves, layout_small_grid,
          abyss_entry_small_statue_room, hell_entry,
          hangedman_decor_peaks_small, minmay_misc_feat_pillars,
          fiery_altar_vehumet, grunt_megastairs_5, uniq_parghit
Depths:4: grunt_twist_and_shout, layout_cave_shapes, hell_entry, pan_entry,
          chequers_serial_rivers_marsh, fedhas_altar_3
Hell
Geh:1:    layout_gehenna_pools_box, nicolae_geh_isolated_escape
Geh:2:    layout_gehenna_pools_triple
Geh:3:    layout_gehenna_lava_caves, nicolae_geh_fourpack
Geh:4:    layout_gehenna_lava_caves
Geh:5:    layout_gehenna_lava_caves
Geh:6:    layout_gehenna_lava_caves
Geh:7:    geh_old
Coc:1:    layout_cocytus_water_paths
Coc:2:    layout_cocytus_water_paths
Coc:3:    layout_cocytus_delve, nicolae_coc_statues_of_limitations
Coc:4:    layout_cocytus_water_paths
Coc:5:    layout_ice_bergs
Coc:6:    layout_cocytus_water_paths
Coc:7:    coc_mu
Tar:1:    layout_honeycomb
Tar:2:    layout_catacombs, nicolae_tar_cuneiform_to_be
Tar:3:    layout_catacombs
Tar:4:    layout_grid_maze, door_vault
Tar:5:    layout_cathedral_of_symmetry
Tar:6:    layout_honeycomb
Tar:7:    tar_mu [tar_mu_maze]

Skill      XL: |  1  2  3  4  5  6  7  8  9 10 11 12 13 14 15 16 17 18 19 20 21 22 23 24 25 26 27 |
---------------+----------------------------------------------------------------------------------+-----
Fighting       | 4 5 6 7 9 11 12 13 15 17 19 21 22 23 25 26 27 | 27.0
Maces & Flails | 3 4 5 6 8 10 11 | 11.4
Dodging        | 3 6 7 8 11 13 14 16 27 | 27.0
Staves         | 4 7 9 11 14 16 18 19 20 23 26 27 | 27.0
Invocations    | 3 8 11 13 20 | 20.8
Throwing       | 3 |  3.2
Ranged Weapons | 4 5 21 | 21.6
Armour         | 8 12 15 17 18 19 27 | 27.0
Long Blades    | 9 |  9.1
Shields        | |  3.2

Action                   |  1- 3 |  4- 6 |  7- 9 | 10-12 | 13-15 | 16-18 | 19-21 | 22-24 | 25-27 || total
-------------------------+-------+-------+-------+-------+-------+-------+-------+-------+-------++-------
Melee: Flail             |   133 |   192 |   350 |   433 |       |       |       |       |       ||  1108
       Kick              |       |       |    28 |   240 |   305 |       |       |       |       ||   573
       Quarterstaff      |       |       |       |   192 |   642 |  1045 |  1367 |  1733 |  5843 || 10822
Throw: Dart              |       |    13 |    14 |       |       |       |       |       |       ||    27
       Javelin           |       |       |       |       |     2 |     6 |    16 |     5 |    26 ||    55
Invok: Divine Shield     |       |       |       |       |     2 |       |     2 |       |     1 ||     5
       Summon Divine War |       |       |       |       |     1 |     3 |       |     1 |    17 ||    22
       Cleansing Flame   |       |       |       |       |       |     1 |       |       |   126 ||   127
Evoke: Wand              |       |       |    17 |    10 |     1 |       |    12 |     2 |    29 ||    71
       Lightning rod     |       |       |       |       |       |       |       |       |     3 ||     3
  Use: Scroll            |     3 |     5 |     8 |    11 |     5 |    11 |     4 |     5 |    36 ||    88
       Potion            |       |     3 |     1 |     5 |     2 |     1 |     2 |     1 |    24 ||    39
Armor: Scale mail        |    62 |   105 |   132 |       |       |       |       |       |       ||   299
       Chain mail        |       |       |    40 |   229 |   187 |   539 |   306 |       |       ||  1301
       Plate armour      |       |       |       |       |       |       |   286 |   589 |  3520 ||  4395
       Gold dragon scale |       |       |       |       |       |       |       |   138 |       ||   138
Dodge: Dodged            |    55 |    96 |   156 |   225 |   239 |   464 |   642 |   961 |  5973 ||  8811
Block: Buckler           |    21 |    36 |    71 |   106 |       |       |       |       |       ||   234
       Other             |       |       |       |       |     2 |    21 |    17 |       |     6 ||    46
       Reflection        |       |       |       |       |       |     5 |       |       |       ||     5
